 Dungeon Crawl Stone Soup version 0.19.0-2-gae57169 (webtiles) character file.

5843 scalarboson the Destroyer (level 10, -1/51 HPs)
             Began as a Gargoyle Fire Elementalist on Nov 3, 2016.
             Was a Believer of Vehumet.
             Slain by a yak (7 damage)
             ... on level 9 of the Dungeon.
             The game lasted 00:28:26 (8622 turns).

scalarboson the Destroyer (GrFE)                    Turns: 8622, Time: 00:28:26

Health: -1/51      AC: 17    Str: 12    XL:     10   Next: 80%
Magic:  0/15       EV: 12    Int: 19    God:    Vehumet [**....]
Gold:   352        SH:  0    Dex: 10    Spells: 3 memorised, 8 levels left

rFire  . . .     SeeInvis +     h - +1 whip (freeze)
rCold  . . .     Gourm    .     a - +1 robe
rNeg   + . .     Faith    +     (no shield)
rPois  ∞         Spirit   .     l - +1 hat
rElec  +         Reflect  .     m - +2 cloak
rCorr  .         Harm     .     (no gloves)
MR     .....                    d - +2 pair of boots
Stlth  ++........               z - amulet of faith
                                y - ring of ice
                                i - ring of fire

@: very slightly contaminated, hasted, very quick
A: hooves 1, see invisible, blink, deformed body, negative energy resistance 1,
shaggy fur 1, electricity resistance, wild magic 2, unbreathing, evolution 1,
petrification resistance, rot immunity, AC +7
a: Blink, Renounce Religion


You were on level 9 of the Dungeon.
You worshipped Vehumet.
Vehumet was pleased with you.
You were near starving.

You visited 2 branches of the dungeon, and saw 10 of its levels.

You collected 387 gold pieces.
You spent 35 gold pieces at shops.

Inventory:

Hand Weapons
 h - a +1 whip of freezing (weapon)
Armour
 a - a +1 robe (worn)
 d - a +2 pair of boots (worn)
 l - a +1 hat (worn)
 m - a +2 cloak (worn)
 E - a +0 buckler
Jewellery
 i - a ring of fire (left hand)
 q - an uncursed amulet of magic regeneration
 y - a ring of ice (right hand)
 z - an amulet of faith (around neck)
Wands
 e - a wand of digging (24/24)
 B - a wand of digging (2/24)
Scrolls
 n - 2 scrolls of identify
 o - a scroll of magic mapping
 p - a scroll of fog
 t - a scroll of teleportation
 v - 2 scrolls of amnesia
 w - 2 scrolls of enchant armour
 D - a scroll of recharging
Potions
 f - 2 potions of invisibility
 s - a potion of haste
Books
 b - a book of Flames

   Spells                             Type                      Level
   a - Flame Tongue                   Conjuration/Fire             1
   b - Throw Flame                    Conjuration/Fire             2
   c - Conjure Flame                  Conjuration/Fire             3
   d - Inner Flame                    Hexes/Fire                   3
   e - Sticky Flame                   Conjuration/Fire             4
   f - Fireball                       Conjuration/Fire             5
 k - a book of Misfortune

   Spells                             Type                      Level
   a - Confusing Touch                Hexes                        1
   b - Confuse                        Hexes                        3
   c - Gell's Gravitas                Hexes/Translocation          3
   d - Petrify                        Transmutation/Earth          4
   e - Metabolic Englaciation         Hexes/Ice                    5
   f - Yara's Violent Unravelling     Hexes/Transmutation          5
Comestibles
 c - 5 bread rations
 g - 5 fruits
 j - 2 beef jerkies
 u - a royal jelly
 A - 2 meat rations


   Skills:
 + Level 0.7 Fighting
 + Level 1.9 Dodging
 - Level 2.1 Stealth
 + Level 3.9 Spellcasting
 + Level 11.7 Conjurations
 + Level 11.1 Fire Magic


You had 8 spell levels left.
You knew the following spells:

 Your Spells              Type           Power        Failure   Level  Hunger
a - Flame Tongue          Conj/Fire      #####        1%          1    None
b - Fireball              Conj/Fire      #######...   12%         5    ######.
c - Throw Frost           Conj/Ice       ######       6%          2    ##.....


Dungeon Overview and Level Annotations

Branches:
Dungeon (9/15)             Temple (1/1) D:6             Orc (0/2) D:9
   Lair: D:8-11

Altars:
Ashenzari
Cheibriados
Dithmenos
Elyvilon
Gozag
Hepliaklqana
Okawaru
Qazlal
Sif Muna
Trog
Vehumet
Xom
Zin
The Shining One

Shops:
D:7 !


Innate Abilities, Weirdness & Mutations

You are resistant to torment.
Your stone body is resilient. (AC +7)
You are immune to poison.
You resist negative energy. (rN+)
You are resistant to electric shocks. (rElec)
You can survive without breathing.
You are immune to petrification.
You are immune to rotting.
You have large cloven feet.
You have supernaturally acute eyesight. (SInv)
You can translocate small distances at will.
Armour fits poorly on your strangely shaped body.
You are covered in fur. (AC +1)
Your spells are harder to cast, but more powerful.
You evolve.


Message History

Casting: Flame Tongue
Confirm with . or Enter, or press ? or * to list all spells.
Aiming: Flame Tongue
Press: ? - help, Shift-Dir - straight line, f/p - yak
Aim: a yak (severely wounded)
You feel a surge of power!
The flame tongue hits the yak.
The yak is almost dead.
The yak gores you!
* * * LOW HITPOINT WARNING * * *
Casting: Flame Tongue
Confirm with . or Enter, or press ? or * to list all spells.
You don't know that spell.
Okay, then.
Okay, then.
You barely miss the yak.
The yak is almost dead.
You barely miss the yak.
The yak is almost dead.
The yak gores you!
You die...

###
#######.####
.#### #..###
.[..# ##(..#
....#
########'##
....#
..........#
....#
..........#
....'.
..........#
....###
.......(..#
....#
#######@###
....# ##Y#
....# #./#
#### #...##
#.### ...
... .....
....


You could see a yak.

Vanquished Creatures
  Pikel (D:8)
  Psyche (D:8)
  A troll (D:9)
  A polar bear (D:8)
  A hornet (D:9)
  5 yaks
  A hungry ghost (D:6)
  The ghost of SaltIsReal the Slasher, an amateur HEWr of Cheibriados (D:4)
  3 sky beasts
  2 slaves (D:8)
  An orc warrior (D:6)
  A hornet zombie (D:8)
  4 ice beasts
  A black bear (D:6)
  6 ogres
  A necrophage (D:9)
  5 centaurs
  A big kobold (D:8)
  A bullfrog (D:9)
  3 scorpions
  A wyvern skeleton (D:9)
  2 electric eels (D:8)
  A howler monkey (D:4)
  A bullfrog zombie (D:7)
  2 crimson imps
  2 centaur zombies (D:9)
  A quasit (D:6)
  Crazy Yiuf (D:3)
  4 hounds
  3 orc priests
  2 jellies (D:8)
  3 orc wizards
  A water moccasin simulacrum (D:8)
  3 centaur skeletons
  2 iguanas
  Terence (D:3)
  5 worker ants
  A bullfrog simulacrum (D:8)
  A hound zombie (D:9)
  A worker ant zombie (D:6)
  5 gnolls
  8 adders
  A shadow imp (D:8)
  3 white imps (D:8)
  2 ufetubi (D:8)
  An ooze (D:1)
  An adder zombie (D:9)
  An adder skeleton (D:4)
  An adder simulacrum (D:8)
  2 dart slugs
  2 leopard geckos
  17 orcs
  4 giant cockroaches
  11 goblins
  3 hobgoblins
  4 jackals (D:7)
  8 kobolds
  A quokka (D:7)
  2 ball pythons
  A ball python skeleton (D:4)
  6 bats
  6 frilled lizards
  A jackal zombie (D:7)
  A quokka skeleton (D:7)
  A quokka zombie (D:5)
  4 rats
176 creatures vanquished.

Vanquished Creatures (others)
  2 slaves (D:8)
  An ice beast (D:8)
  2 white imps (D:8)
5 creatures vanquished.

Grand Total: 181 creatures vanquished

Notes
Turn   | Place    | Note
-------+----------+-------------------------------------------
     0 | D:1      | scalarboson the Gargoyle Fire Elementalist began the quest for the Orb.
     0 | D:1      | Reached XP level 1. HP: 10/10 MP: 3/3
   192 | D:1      | Reached XP level 2. HP: 11/15 MP: 5/5
   490 | D:1      | Reached XP level 3. HP: 13/19 MP: 0/6
  1018 | D:3      | Reached XP level 4. HP: 21/24 MP: 4/8
  1610 | D:3      | Noticed Terence
  1649 | D:3      | Killed Terence
  1649 | D:3      | Reached XP level 5. HP: 7/28 MP: 0/9
  1888 | D:3      | Found a runed door.
  2157 | D:3      | Learned a level 5 spell: Fireball
  2157 | D:3      | Noticed Crazy Yiuf
  2165 | D:3      | Killed Crazy Yiuf
  2366 | D:4      | Noticed an ogre
  2374 | D:4      | Killed an ogre
  2374 | D:4      | Reached skill level 5 in Fire Magic
  2374 | D:4      | Reached XP level 6. HP: 22/32 MP: 2/11
  2848 | D:4      | Reached XP level 7. HP: 36/36 MP: 1/12
  3009 | D:4      | Noticed SaltIsReal's ghost (amateur HEWr)
  3019 | D:4      | Killed SaltIsReal's ghost
  3019 | D:4      | Reached skill level 5 in Conjurations
  3331 | D:5      | Entered Level 5 of the Dungeon
  3359 | D:5      | Gained mutation: You can translocate small distances at will. [mutagenic meat]
  3360 | D:5      | Gained mutation: Your spells are a little harder to cast, but a little more powerful. [mutagenic meat]
  3362 | D:5      | Gained mutation: You are weak. (Str -2) [mutagenic meat]
  3411 | D:5      | Reached XP level 8. HP: 40/41 MP: 11/13
  3829 | D:5      | Found a shadowy altar of Dithmenos.
  3829 | D:5      | Found a snail-covered altar of Cheibriados.
  4461 | D:6      | Gained mutation: Armour fits poorly on your strangely shaped body. [mutagenic meat]
  4462 | D:6      | Gained mutation: Scrolls take you a little longer to read. [mutagenic meat]
  4463 | D:6      | Gained mutation: You evolve. [mutagenic meat]
  4464 | D:6      | Lost mutation: You are weak. (Str -2) [mutagenic meat]
  4630 | D:6      | Found a staircase to the Ecumenical Temple.
  4715 | Temple   | Entered the Ecumenical Temple
  4736 | Temple   | Became a worshipper of Vehumet
  4918 | D:6      | Found a shimmering altar of Xom.
  5129 | D:7      | Reached XP level 9. HP: 45/45 MP: 7/14
  5266 | D:7      | Found a flagged portal.
  5341 | D:7      | Gained mutation: You are covered in fur. (AC +1) [evolution]
  5491 | D:7      | Found Waliroc's Distillery.
  5521 | D:7      | Bought a potion of mutation for 35 gold pieces
  5521 | D:7      | Gained mutation: You have large cloven feet. [potion of mutation]
  5521 | D:7      | Lost mutation: Scrolls take you a little longer to read. [potion of mutation]
  5521 | D:7      | Gained mutation: You have supernaturally acute eyesight. (SInv) [potion of mutation]
  5940 | D:8      | Noticed Psyche
  5948 | D:8      | Reached * piety under Vehumet
  5948 | D:8      | Offered knowledge of Magic Dart by Vehumet.
  5950 | D:8      | Killed Psyche
  6111 | D:8      | Noticed Pikel
  6156 | D:8      | Killed Pikel
  6243 | D:8      | Reached skill level 10 in Conjurations
  6357 | D:8      | Reached skill level 10 in Fire Magic
  6409 | D:8      | Noticed a polar bear
  6416 | D:8      | Killed a polar bear
  6416 | D:8      | Reached XP level 10. HP: 16/50 MP: 9/15
  6912 | D:8      | Offered knowledge of Throw Frost by Vehumet.
  6964 | D:8      | Learned a level 2 spell: Throw Frost
  7014 | D:8      | Reached ** piety under Vehumet
  7123 | D:8      | Found a shattered altar of Ashenzari.
  7127 | D:8      | Found a glowing golden altar of the Shining One.
  8356 | D:9      | Gained mutation: Your spells are harder to cast, but more powerful. [evolution]
  8491 | D:9      | Found a staircase to the Orcish Mines.
  8510 | D:9      | Found a hazy altar of Hepliaklqana.
  8598 | D:9      | Offered knowledge of Mephitic Cloud by Vehumet.
  8622 | D:9      | Slain by a yak

Skill      XL: |  1  2  3  4  5  6  7  8  9 10 |
---------------+-------------------------------+-----
Fire Magic     | 4 5 6 8 10 11 | 11.1
Spellcasting   | 3 |  3.9
Conjurations   | 2 3 4 5 8 10 11 | 11.7
Fighting       | |  0.7
Dodging        | |  1.9
Stealth        | |  2.1

Action                   |  1- 3 |  4- 6 |  7- 9 | 10-12 || total
-------------------------+-------+-------+-------+-------++-------
Melee: Dagger            |    57 |    38 |       |       ||    95
       Unarmed           |    10 |       |       |       ||    10
       Mace              |       |    10 |    10 |       ||    20
       Whip              |       |       |    35 |    56 ||    91
 Cast: Flame Tongue      |    42 |    87 |   216 |   139 ||   484
       Fireball          |       |       |     5 |     6 ||    11
       Throw Frost       |       |       |       |     3 ||     3
  Use: Scroll            |     4 |     2 |     8 |     4 ||    18
       Potion            |     2 |     2 |     3 |     3 ||    10
  Eat: Chunk             |     1 |     6 |    17 |     7 ||    31
       Meat ration       |       |       |     1 |       ||     1
       Fruit             |       |       |       |     1 ||     1
       Pizza             |       |       |       |     1 ||     1
       Beef jerky        |       |       |       |     1 ||     1
Armor: Robe              |    31 |    31 |    80 |    70 ||   212
       Skin              |       |       |    15 |       ||    15
Dodge: Dodged            |    51 |    70 |   109 |    72 ||   302
Block: Buckler           |       |       |       |     4 ||     4
